 Dungeon Crawl Stone Soup version bcrawl-1.15.1 (webtiles) character file.

Game seed: 4073519777627167208

37 Chiseanne the Ducker (level 3, 0/27 HPs)
             Began as a Mummy Archaeologist on Sept 28, 2019.
             Slain by a rat (1 damage)
             ... on level 2 of the Dungeon.
             The game lasted 00:01:50 (1107 turns).

Chiseanne the Ducker (Mummy Archaeologist)          Turns: 1107, Time: 00:01:50

Health: 0/27       AC:  6    Str: 14    XL:     3   Next: 23%
Magic:  3/3        EV: 13    Int: 13    God:
Gold:   22         SH:  0    Dex: 11    Spells: 2/2 levels left

rFire    x . .     SeeInvis .   g - +0 mace
rCold    + . .     Gourm    .   (no shield)
rNeg     + + +     Faith    .   b - +1 robe
rPois    ∞         Spirit   .   m - +0 helmet
rElec    .         Reflect  .   (no cloak)
rCorr    .         Harm     .   (no gloves)
MR       .....     Clarity  +   d - +1 pair of boots
Stlth    ++........             (no amulet)
HPRegen  0.09/turn              (no ring)
MPRegen  0.08/turn              (no ring)

@: studying Armour
A: no food or potions, fire vulnerability, clarity, cold resistance 1, negative
energy resistance 3, torment resistance, unbreathing
a: no special abilities


You were on level 2 of the Dungeon.
You were not hungry.

You visited 1 branch of the dungeon, and saw 2 of its levels.

You collected 22 gold pieces.

Inventory:

Hand Weapons
 g - a +0 mace (weapon)
 h - a cursed -1 dagger
Missiles
 i - 608 stones (quivered)
 j - 309 arrows
Armour
 b - a +1 robe (worn)
 d - a +1 pair of boots (worn)
 m - a +0 helmet (worn)
Scrolls
 a - 6 scrolls of identify {unknown}
 c - a scroll of remove curse {unknown}
 k - a scroll of blinking
 l - a scroll of teleportation {unknown}
 n - a scroll of enchant weapon {unknown}
Books
 e - a manual of Armour
Miscellaneous
 f - an ancient crate


   Skills:
 - Level 2.2 Fighting
 - Level 0.7 Maces & Flails
 + Level 1.1 Armour
 - Level 3.0 Dodging
 - Level 2.6 Stealth


You had 2 spell levels left.
You didn't know any spells.
Your spell library was empty.

Dungeon Overview and Level Annotations

Branches:
Dungeon (2/12)

Altars:
Xom
Zin


Innate Abilities, Weirdness & Mutations

You do not eat or drink.
Your flesh is vulnerable to fire.
You are immune to poison.
You possess an exceptional clarity of mind.
Your flesh is cold resistant. (rC+)
You are immune to negative energy. (rN+++)
You are immune to unholy pain and torment.
You can survive without breathing.


Message History

The jackal bites you but does no damage.
You sock the jackal!
You kill the jackal!
You hit the ooze.
The ooze is moderately wounded.
The ooze hits you.
* * * LOW HITPOINT WARNING * * *
The ooze completely misses you.
You hit the ooze but do no damage.
The ooze is moderately wounded.
The ooze hits you but does no damage.
You hit the ooze.
The ooze is heavily wounded.
The ooze hits you.
* * * LOW HITPOINT WARNING * * *
You sock the ooze!
You kill the ooze!
Your Armour skill increases to level 1!
You barely miss the rat. The rat bites you.
You die...

# ####### ...
#.......###########..=..
....(..........r@.......
..........#########.....
#.......#.# #+#
#.......#h#########
#.......#.#.......#
.........r.#.####.#
...........#.# #.#
...........#.# #.#
...........#.####<##.#.#


You could see a rat.

Vanquished Creatures
  An ooze (D:2)
  A dart slug (D:1)
  A leopard gecko (D:1)
  A ball python (D:1)
  A giant cockroach (D:2)
  2 goblins (D:1)
  5 hobgoblins (D:1)
  6 jackals
  3 bats (D:1)
  2 frilled lizards (D:1)
  3 kobolds (D:1)
26 creatures vanquished.

Notes
Turn   | Place    | Note
-------+----------+-------------------------------------------
     0 | D:1      | Chiseanne the Mummy Archaeologist began the quest for the
                  | Orb.
     0 | D:1      | Reached XP level 1. HP: 15/15 MP: 1/1
   179 | D:1      | Reached XP level 2. HP: 21/21 MP: 2/2
  1045 | D:2      | Noticed an angel
  1046 | D:2      | Found a glowing silver altar of Zin.
  1047 | D:2      | Found a shimmering altar of Xom.
  1065 | D:2      | Reached skill level 3 in Dodging
  1085 | D:2      | Reached XP level 3. HP: 6/27 MP: 3/3
  1105 | D:2      | HP: 1/27 [ooze (1)]
  1106 | D:2      | Reached skill level 1 in Armour
  1107 | D:2      | Slain by a rat

Skill      XL: |  1  2  3 |
---------------+----------+-----
Fighting       | 2 |  2.2
Dodging        | 3 |  3.0
Armour         | 1 |  1.1
Maces & Flails | |  0.7
Stealth        | |  2.6

Action                   || total
-------------------------++-------
Melee: Whip              ||     9
       Mace              ||    71
  Use: Scroll            ||     1
 Stab: Sleeping          ||     3
Armor: Robe              ||    39
Dodge: Dodged            ||    75
